Map: Lightshade LE

Players

Astrea

  • Race: Protoss Protoss
  • League: Master
  • Spawn Location: 11:00

Solar - Winner!

  • Race: Zerg Zerg
  • League: Master
  • Spawn Location: 5:00

Event: Cheeseadelphia Winter Championship 2021

VOD

Have the link to the VOD?

Description

Time

  • Played on: Jan. 24, 2021, 4:30 p.m.
  • Length: 14:24

All games in this series

Show
View Real Time Build Order
Export as new Build Order

Astrea Protoss 

Build Orders: 1 Gate Expand, Mass Adepts 

Get SALT Encoding   

  12  0:00  Probe  
  13  0:12  Probe  
  14  0:18  Pylon  
  14  0:24  Probe  
  15  0:30  Assimilator  
  15  0:36  Probe (Chrono Boost)  
  16  0:44  Gateway  
  16  0:48  Probe (Chrono Boost)  
  17  0:53  Probe (Chrono Boost)  
  18  1:03  Probe  
  19  1:15  Probe  
  20  1:22  Nexus  
  20  1:32  Cybernetics Core  
  20  1:34  Probe  
  21  1:40  Assimilator  
  21  1:46  Probe  
  22  1:50  Pylon  
  22  1:59  Probe (Chrono Boost)  
  23  2:07  Adept (Chrono Boost)  
  24  2:10  Warp Gate, Probe (Chrono Boost)  
  24  2:15  Probe (Chrono Boost)  
  26  2:18  Twilight Council  
  27  2:25  Probe  
  27  2:28  Stalker (Chrono Boost)  
  28  2:34  Probe  
  31  2:37  Probe  
  32  2:44  Robotics Facility  
  32  2:46  Probe  
  32  2:50  Probe  
  34  3:04  Resonating Glaives (Chrono Boost)  
  34  3:05  Gateway x2  
  35  3:10  Probe  
  35  3:11  Probe  
  36  3:22  Gateway  
  36  3:23  Gateway  
  36  3:29  Warp Prism (Chrono Boost)  
  38  3:35  Probe  
  38  3:37  Probe  
  38  3:41  Pylon  
  40  3:47  Probe  
  41  3:49  Probe  
  42  3:59  Adept x3  
  42  4:01  Observer  
  42  4:02  Pylon, Probe  
  50  4:04  Probe  
  51  4:17  Adept  
  51  4:20  Adept x4  
  51  4:24  Pylon  
  61  4:29  Pylon  
  61  4:42  Adept x4  
  69  4:58  Adept  
  67  5:02  Probe x2  
  67  5:03  Pylon  
  67  5:04  Adept x4  
  69  5:22  Probe x2  
  63  5:34  Adept x2  
  63  5:35  Adept  
  69  5:38  Adept x2  
  69  5:41  Probe x2  
  69  5:42  Assimilator  
  75  5:43  Assimilator  
  69  5:57  Adept x3  
  69  6:01  Adept x2  
  71  6:04  Immortal (Chrono Boost)  
  71  6:17  Probe x2  
  73  6:31  Adept x5  
  75  6:36  Nexus  
  73  6:47  Pylon  
  73  6:52  Immortal (Chrono Boost)  
  77  7:07  Sentry x3, Probe x2  
  85  7:11  Blink, Forge  
  85  7:15  Pylon  
  85  7:19  Shield Battery  
  85  7:20  Shield Battery  
  85  7:22  Probe x2  
  87  7:24  Immortal (Chrono Boost)  
  87  7:29  Adept  
  93  7:30  Pylon  
  93  7:41  Probe x2  
  95  7:48  Shield Battery  
  95  7:56  Stalker x5  
  105  8:01  Protoss Ground Weapons Level 1 (Chrono Boost)  
  105  8:06  Probe x3  
  105  8:07  Immortal (Chrono Boost)  
  112  8:18  Probe x2 (Chrono Boost)  
  112  8:19  Probe (Chrono Boost)  
  115  8:31  Stalker x3  
  115  8:32  Probe x3 (Chrono Boost)  
  124  8:36  Pylon  
  124  8:40  Pylon  
  124  8:49  Assimilator  
  124  8:54  Assimilator, Immortal  
  128  9:04  Photon Cannon  
  128  9:08  Stalker x5  
  138  9:16  Pylon  
  138  9:17  Pylon  
  138  9:22  Gateway  
  138  9:23  Gateway  
  138  9:39  Stalker x5  
  148  9:54  Immortal (Chrono Boost)  
  148  9:56  Robotics Bay  
  146  10:15  Protoss Ground Weapons Level 2 (Chrono Boost)  
  134  10:30  Stalker x7  
  144  10:37  Robotics Facility  
  144  10:39  Charge  
  144  10:48  Colossus (Chrono Boost)  
  144  10:50  Photon Cannon  
  144  10:52  Extended Thermal Lance  
  150  11:01  Pylon  
  150  11:12  Pylon  
  150  11:16  Stalker x2  
  150  11:17  Stalker  
  156  11:22  Pylon  
  156  11:24  Colossus (Chrono Boost), Nexus  
  162  11:34  Stalker x4  
  170  11:45  Stalker x3  
  135  11:58  Stalker x4, Colossus  
  129  12:28  Nexus  
  129  12:29  Sentry x4  
  137  12:30  Stalker x3  
  141  12:51  Disruptor  
  141  12:52  Pylon, Disruptor  
  146  13:04  Zealot x4  
  146  13:05  Zealot x3  
  160  13:23  Shield Battery x2  
  160  13:26  Disruptor  
  160  13:27  Pylon  
  107  13:39  Zealot x6  
  95  13:49  Stalker  
  84  14:04  Sentry  
  84  14:05  Sentry, Stalker x3  
  84  14:06  Stalker  
Show
View Real Time Build Order
Export as new Build Order

Solar Zerg - Winner!

Build Orders: Hatch First 

Get SALT Encoding   

  12  0:00  Drone  
  13  0:12  Overlord  
  13  0:18  Drone  
  14  0:31  Drone x2  
  16  0:47  Hatchery  
  15  0:51  Drone  
  15  0:54  Drone  
  17  0:58  Drone  
  18  1:09  Extractor  
  17  1:13  Spawning Pool  
  17  1:16  Drone  
  17  1:19  Drone  
  18  1:29  Drone  
  19  1:40  Drone  
  20  1:52  Overlord  
  20  2:00  Queen  
  20  2:01  Zergling x4, Queen  
  26  2:11  Drone  
  26  2:12  Drone, Metabolic Boost  
  28  2:22  Drone x2  
  30  2:33  Hatchery  
  30  2:36  Drone  
  30  2:44  Queen  
  30  2:48  Overlord  
  30  2:50  Drone  
  33  2:54  Drone  
  33  2:55  Drone  
  33  2:57  Drone  
  36  3:07  Drone x2  
  36  3:10  Drone x3  
  41  3:21  Queen  
  41  3:22  Overlord  
  41  3:23  Drone  
  44  3:29  Overlord  
  44  3:33  Roach Warren  
  43  3:40  Drone  
  43  3:41  Extractor, Drone x3  
  43  3:42  Drone  
  43  3:43  Drone  
  43  3:45  Drone  
  43  3:48  Overlord  
  49  3:50  Drone  
  49  3:52  Zergling x2  
  49  3:53  Zergling x2  
  52  3:57  Zergling x4  
  54  4:09  Zergling x2  
  55  4:13  Roach x4  
  55  4:14  Zergling x8  
  67  4:17  Zergling x2  
  67  4:21  Overlord  
  67  4:23  Roach x2  
  72  4:26  Roach  
  74  4:32  Overlord  
  74  4:38  Overlord  
  74  4:39  Zergling x4  
  74  4:43  Zergling x2  
  74  4:45  Spine Crawler  
  76  4:47  Zergling x2  
  76  4:48  Zergling x6  
  79  4:53  Zergling x2  
  79  4:54  Zergling x4  
  79  4:56  Zergling x2  
  79  4:58  Roach  
  78  5:02  Roach  
  77  5:07  Zergling x4  
  77  5:08  Zergling x4  
  78  5:15  Roach x2  
  78  5:19  Drone  
  78  5:24  Roach x3  
  78  5:25  Roach  
  78  5:27  Zergling x2  
  86  5:28  Zergling x2  
  88  5:35  Zergling x4  
  88  5:37  Ravager  
  88  5:40  Zergling x2  
  91  5:44  Zergling x2  
  91  5:45  Zergling x6  
  90  5:53  Zergling x6  
  90  5:55  Spore Crawler  
  87  5:57  Spore Crawler  
  87  6:01  Zergling x4  
  87  6:02  Drone  
  87  6:03  Drone x2  
  87  6:07  Drone x2  
  87  6:08  Drone, Ravager  
  87  6:09  Drone  
  91  6:11  Drone  
  91  6:18  Drone x2  
  93  6:25  Drone  
  94  6:27  Lair, Overlord  
  94  6:28  Drone x2  
  94  6:29  Drone  
  94  6:31  Zergling x2  
  94  6:35  Drone x2  
  94  6:36  Roach  
  94  6:37  Extractor  
  94  6:38  Extractor  
  96  6:40  Roach  
  96  6:44  Overlord x2  
  98  6:52  Zergling x12  
  102  6:54  Zergling x2  
  102  6:56  Zergling x4  
  105  7:03  Zergling x6  
  105  7:05  Ravager x4  
  110  7:09  Roach x2  
  110  7:10  Roach x2  
  110  7:13  Zergling x4  
  120  7:19  Ravager  
  120  7:20  Overlord  
  120  7:21  Overlord  
  121  7:23  Overlord, Drone  
  121  7:25  Glial Reconstitution  
  121  7:27  Extractor, Overlord  
  121  7:31  Overlord  
  121  7:33  Overseer  
  118  7:39  Drone x4  
  118  7:40  Drone  
  123  7:46  Evolution Chamber  
  123  7:47  Drone x3  
  123  7:49  Drone  
  126  7:53  Drone x2  
  126  7:55  Drone  
  129  7:58  Drone x3  
  129  8:01  Drone  
  133  8:09  Drone x2  
  133  8:12  Drone x2  
  137  8:18  Zerg Missile Weapons Level 1  
  137  8:20  Baneling Nest  
  137  8:25  Overlord  
  136  8:29  Hatchery, Ravager  
  136  8:31  Zergling x10  
  141  8:38  Drone x6  
  147  8:41  Overlord  
  147  8:43  Overlord  
  147  8:44  Overseer  
  147  8:46  Overseer  
  147  8:49  Drone  
  147  8:52  Drone  
  147  8:53  Drone x4  
  151  8:58  Drone  
  151  8:59  Drone x2  
  152  9:03  Evolution Chamber  
  152  9:07  Zergling x12  
  152  9:08  Zergling x2  
  158  9:15  Centrifical Hooks  
  158  9:17  Zergling x4  
  158  9:18  Baneling x5  
  158  9:19  Baneling x2  
  158  9:21  Roach  
  158  9:23  Ravager x5  
  166  9:25  Baneling x4  
  166  9:29  Zergling x2  
  166  9:30  Zergling x2  
  168  9:33  Zergling x2  
  168  9:39  Overlord  
  168  9:40  Zergling x6  
  168  9:42  Overlord  
  168  9:43  Baneling x10  
  168  9:44  Baneling  
  170  9:48  Zergling x6  
  170  9:50  Infestation Pit  
  170  9:51  Zerg Melee Weapons Level 1  
  172  9:56  Baneling x5  
  172  9:59  Zergling x12  
  178  10:01  Zergling x2  
  178  10:03  Zergling x6  
  178  10:05  Zergling x4  
  183  10:12  Zergling x12  
  181  10:15  Zergling x4  
  181  10:20  Zergling x8  
  184  10:25  Zergling x2  
  184  10:26  Zergling x8  
  182  10:29  Zergling x4  
  182  10:30  Zergling x2  
  182  10:34  Drone x2  
  186  10:37  Overlord  
  186  10:38  Hive  
  186  10:46  Overlord  
  186  10:51  Overlord  
  186  10:52  Zerg Missile Weapons Level 2  
  186  10:54  Hatchery  
  186  10:55  Overlord, Queen  
  186  10:56  Drone x2  
  189  10:59  Drone  
  189  11:00  Extractor, Drone  
  189  11:02  Drone  
  189  11:03  Overlord  
  191  11:06  Drone x3  
  194  11:11  Pneumatized Carapace  
  194  11:13  Zergling x10  
  198  11:20  Zergling x4  
  198  11:25  Baneling x9  
  200  11:35  Zergling x2  
  200  11:39  Zergling x6  
  197  11:41  Zergling x8  
  197  11:42  Zergling x6  
  197  11:44  Zergling x16  
  189  11:47  Zergling x2  
  189  11:53  Zergling x2  
  189  11:54  Zergling x2  
  175  11:56  Viper x2  
  175  11:59  Zergling x2  
  175  12:00  Zergling x2  
  174  12:02  Roach  
  174  12:06  Roach  
  172  12:08  Zergling x8  
  172  12:09  Adrenal Glands  
  172  12:13  Baneling  
  172  12:14  Baneling x17  
  172  12:15  Baneling x2  
  176  12:17  Zergling x6  
  176  12:21  Zergling x4  
  176  12:22  Ravager  
  176  12:23  Ravager  
  176  12:27  Baneling x7  
  176  12:28  Zergling x8  
  175  12:30  Zergling x2  
  175  12:33  Roach  
  175  12:35  Roach x2  
  182  12:38  Zergling x2  
  182  12:42  Zergling x12  
  184  12:44  Baneling x6  
  184  12:45  Baneling  
  184  12:46  Zergling x4  
  184  12:50  Baneling x5  
  186  12:51  Zergling x4  
  186  12:55  Roach x3  
  186  12:56  Zergling x2  
  186  12:58  Baneling x2  
  194  12:59  Zergling x4  
  194  13:01  Zergling x4  
  194  13:02  Zergling x2  
  194  13:05  Baneling x5  
  199  13:11  Baneling x4  
  193  13:31  Zergling x32  
  162  13:36  Zergling x16  
  162  13:39  Zergling x12  
  156  13:45  Roach x4  
  161  13:49  Viper  
  161  13:52  Viper  
  159  13:56  Zergling x2  
  159  13:57  Zergling x4  
  159  14:00  Zergling x2  
  159  14:01  Zergling x12  
  159  14:02  Ravager  
  168  14:06  Zergling x8  
Tags
 
Add a new tag
Caveats
  • Supply blocks, unpowered buildings, or Contaminate may cause inaccurate times.
  • Supply counts are checked every 10 seconds.